 Dungeon Crawl Stone Soup version 0.26-a0-964-g69f9a3b9e2 (webtiles) character file.

Game seed: 4449303497346937422

32 miscthings the Caller (level 3, 0/14 HPs)
             Began as a Felid Summoner on Dec 3, 2020.
             Was an Initiate of Ashenzari.
             Slain by an orc wizard
             ... wielding a +0 dagger
              (1 damage)
             ... on level 4 of the Dungeon.
             The game lasted 00:09:12 (4009 turns).

miscthings the Caller (Felid Summoner)              Turns: 4009, Time: 00:09:12

Health: 0/14       AC:  1    Str:  4    XL:     3   Next: 10%
Magic:  2/7        EV: 22    Int: 17    God:    Ashenzari [......]
Gold:   210        SH:  0    Dex: 16    Spells: 0/6 levels left
                                        Lives:  0   Deaths: 1

rFire    . . .     SeeInvis +   (weapon unavailable)
rCold    . . .     Faith    .   (shield unavailable)
rNeg     . . .     Spirit   .   (armour unavailable)
rPois    .         Reflect  .   (helmet unavailable)
rElec    .         Harm     .   (cloak unavailable)
rCorr    .         Rampage  .   (gloves unavailable)
MR       .....                  (boots unavailable)
Stlth    +++.......             (no amulet)
HPRegen  0.04/turn              c - +4 ring of evasion (curse)
MPRegen  0.10/turn              (no ring)

@: quick
A: very small, no armour, no weapons or thrown items, stealth, claws 1, fangs 3,
see invisible, speed 1, shaggy fur 1, sharp paws
a: Curse Item, Renounce Religion


You were on level 4 of the Dungeon.
You worshipped Ashenzari.
Ashenzari was noncommittal.
You visited 1 branch of the dungeon, and saw 4 of its levels.

You collected 210 gold pieces.

Inventory:

Jewellery
 c - a cursed +4 ring of evasion (left paw)
Scrolls
 g - a scroll of amnesia {unknown}
 h - a scroll of magic mapping
 i - a scroll of fog
 l - 3 scrolls of remove curse
Potions
 a - 4 potions of curing {unknown}
 b - a potion of resistance {unknown}
 d - a potion of invisibility
 e - 2 potions of degeneration {unknown}
 f - a potion of lignification
 j - 2 potions of ambrosia {unknown}
 k - a potion of berserk rage {unknown}
 m - 3 potions of haste {unknown}


   Skills:
 - Level 2.6 Dodging
 - Level 2.6 Stealth
 - Level 2.0 Spellcasting
 + Level 5.7 Summonings


You couldn't memorise any spells.
You knew the following spells:

 Your Spells              Type           Power        Failure   Level
a - Call Imp              Summ           ###.....     2%          2
b - Summon Small Mammal   Summ           ###.         1%          1
d - Call Canine Familiar  Summ           ###.....     5%          3

Your spell library contained the following spells:

 Spells                   Type           Power        Failure   Level
 Summon Guardian Golem    Hex/Summ       ##......     19%         3
 Summon Ice Beast         Ice/Summ       ##......     52%         4
 Summon Lightning Spire   Summ/Air       ##......     52%         4


Dungeon Overview and Level Annotations

Branches:
Dungeon (4/15)
 Temple: D:4-7

Altars:
Ashenzari
Cheibriados
Wu Jian
Yredelemnul

Shops:
D:4 (

Annotations:
D:4 Pikel


Innate Abilities, Weirdness & Mutations

You cannot wear armour.
You are incapable of wielding weapons or throwing items.
Your paws allow you to move quietly. (Stealth)
You have sharp claws.
You have razor-sharp teeth.
You have supernaturally acute eyesight. (SInv)
You cover ground quickly.
You are covered in fur. (AC +1)
Your sharp claws are effective at attacking unaware monsters.


Message History

You aren't carrying any items that you can evoke.
You closely miss the orc wizard.
The orc wizard is heavily wounded.
The orc wizard completely misses you. The orc closely misses you.
You closely miss the orc wizard.
The orc wizard is heavily wounded.
The orc wizard hits you but does no damage.
The orc closely misses you. The orc wizard misses you.
You scratch the orc wizard.
The orc wizard is severely wounded.
The orc wizard barely misses you. The orc misses you.
You scratch the orc wizard but do no damage.
The orc wizard is severely wounded.
The orc wizard hits you with a +0 dagger.
* * * LOW HITPOINT WARNING * * *
The orc completely misses you. The orc wizard misses you.
As you read the scroll labelled SEDUSA JAF, it crumbles to dust.
The scroll dissolves into smoke.
It was a scroll of fog.
The orc wizard hits you with a +0 dagger.
You die...

###### ######
#####....####.....
#.............####
#.###..#.#.#......
#ยง#
##...........# #o#
#.#.#.#..##.. #@#
#...........# #o#
#.#.#.#..##.. #l#
#........##.# #o#
#.##...#.##.# #o#
#. .........# #o#
. .#### #.# #.....
#)# ###### #)#


You could see an iguana, an orc wizard (fast) and an orc.

Vanquished Creatures
  A dart slug (D:1)
  A bat (D:2)
  A giant cockroach (D:2)
  2 jackals
  3 frilled lizards
  A rat (D:1)
9 creatures vanquished.

Vanquished Creatures (collateral kills)
  Robin (D:2)
  An adder (D:3)
  An ooze (D:3)
  2 worms
  5 orcs (D:4)
  A ball python (D:4)
  3 giant cockroaches
  12 goblins
  17 hobgoblins
  9 jackals
  7 kobolds
  3 quokkas
  A bat (D:2)
  A frilled lizard (D:1)
  3 rats
67 creatures vanquished.

Grand Total: 76 creatures vanquished

Notes
Turn   | Place    | Note
-------+----------+-------------------------------------------
     0 | D:1      | miscthings the Felid Summoner began the quest for the Orb.
     0 | D:1      | Reached XP level 1. HP: 7/7 MP: 4/4
     7 | D:1      | Noticed a black bear
     7 | D:1      | Noticed a black mamba
     7 | D:1      | Noticed a komodo dragon
   602 | D:1      | Reached XP level 2. HP: 11/11 MP: 3/6
   605 | D:1      | Learned a level 2 spell: Call Imp
  1814 | D:2      | Reached skill level 5 in Summonings
  1835 | D:2      | Reached XP level 3. HP: 14/14 MP: 4/7
  2041 | D:2      | Noticed Robin
  2095 | D:2      | Killed Robin
  2367 | D:2      | Learned a level 3 spell: Call Canine Familiar
  2847 | D:3      | Found a broken altar of Ashenzari.
  2855 | D:3      | Became a worshipper of Ashenzari the Shackled
  3481 | D:4      | Found an ornate altar of the Wu Jian Council.
  3509 | D:4      | Noticed Pikel
  3509 | D:4      | Noticed a lemure
  3511 | D:4      | Noticed a lemure
  3511 | D:4      | Noticed a lemure
  3515 | D:4      | Noticed a lemure
  3797 | D:4      | Found a basalt altar of Yredelemnul.
  3797 | D:4      | Found Miozal's Antique Weapon Shop.
  3808 | D:4      | Reached XP level 4. HP: 18/18 MP: 1/8
  3831 | D:4      | Noticed an ogre
  3843 | D:4      | Killed from afar by an orc wizard
  3844 | D:4      | Reached XP level 3. HP: 0/14 MP: 1/7
  3969 | D:4      | Found a snail-covered altar of Cheibriados.
  4009 | D:4      | Slain by an orc wizard

Illustrated notes

Levels and vault maps discovered:
D:1:      onia_arrival_zoo_common, layout_loops_ring, minmay_strange_pillars
D:2:      layout_loops_ring, chequers_hall_statues_corner_a,
          minmay_misc_feat_cross, uniq_robin
D:3:      layout_loops_corners, cheibrodos_ashenzari_chains
D:4:      layout_loops_ring, yredelemnul_altar_generic, cheibriados_altar_1,
          kennysheep_mini, serial_shops, shop, glass_columns_b,
          fedhas_altar_fruit_tree, uniq_pikel

Skill      XL: |  1  2 |
---------------+-------+-----
Summonings     | 5 |  5.7
Dodging        | |  2.6
Stealth        | |  2.6
Spellcasting   | |  2.0

Action                   |  1- 3 |  4- 6 || total
-------------------------+-------+-------++-------
Melee: Unarmed           |    44 |       ||    44
       Bite              |     5 |       ||     5
 Cast: Summon Small Mamm |    21 |       ||    21
       Call Imp          |    59 |       ||    59
       Call Canine Famil |     3 |     1 ||     4
Invok: Curse Item        |     1 |       ||     1
  Use: Scroll            |     5 |       ||     5
 Stab: Sleeping          |     4 |       ||     4
       Distracted        |     1 |       ||     1
Armor: Skin              |     2 |       ||     2
Dodge: Dodged            |    73 |     2 ||    75

Table legend: (Time is in decaauts)
 A = Elapsed time spent in this place.
 B = Non-inter-level travel time spent in this place.
 C = Inter-level travel time spent in this place.
 D = Time resting spent in this place.
 E = Time spent auto-exploring this place.
 F = Levels seen in this place.
 G = Mean time per level.
                   A        B        C        D        E       F      G
               +--------+--------+--------+--------+--------+-----+--------+
         Total |   3487 |   3345 |    142 |    913 |   1519 |   4 |  871.8 |
       Dungeon |   3487 |   3345 |    142 |    913 |   1519 |   4 |  871.8 |
               +--------+--------+--------+--------+--------+-----+--------+

Top non-repeatable levels by time:
     D:2: 1214 daAuts
     D:3: 1158 daAuts
     D:1: 862 daAuts
     D:4: 251 daAuts
